 Dungeon Crawl Stone Soup version 0.31-a0-246-g8cbcc1cb85 (webtiles) character file.

Game seed: 1862813410612237830

1824615 Midn8 the Slayer (level 26, 124/165 HPs)
             Began as a Vine Stalker Shapeshifter on July 12, 2023.
             Was a High Priest of Zin.
             Escaped with the Orb
             ... and 3 runes on July 13, 2023!
             The game lasted 04:02:13 (55609 turns).

Midn8 the Slayer (Vine Stalker Shapeshifter)       Turns: 55609, Time: 04:02:14

Health: 124/165    AC: 34    Str: 27    XL:     26   Next: 38%
Magic:  32/45      EV: 14    Int:  7    God:    Zin [*****.]
Gold:   471        SH: 12    Dex: 19    Spells: 25/25 levels left

rFire   + .          .
                       - Unarmed
rCold   + . .        f - +0 kite shield {AC+3}
rNeg    . . .        y - +1 gold dragon scales
rPois   +            (helmet restricted)
rElec   .            W - +2 cloak {Stlth+}
rCorr   .            t - +2 pair of gloves
SInv    .            r - +2 pair of boots
Will    +++++        g - amulet of faith Stlth
                     R - +5 ring of evasion
HPRegen 1.27/turn    I - ring "Juha" {rPois Will+++ MP+9 Str-2 Stlth+}
MPRegen 0.29/turn

%: guardian spirit, faith
@: studying Necromancy
A: fangs 3, regeneration 1, magic shield, antimagic bite, no potion heal 2,
horns 1, agile 1
0: Orb of Zot
}: 3/15 runes: serpentine, barnacled, silver
a: Renounce Religion, Recite, Vitalisation, Imprison, Sanctuary, Donate Gold


You escaped.
You worshipped Zin.
Zin was extremely pleased with you.
You visited 8 branches of the dungeon, and saw 44 of its levels.
You visited 1 ziggurat, and saw 6 of its levels.
You also visited: Ice Cave.

You collected 6672 gold pieces.
You spent 4714 gold pieces at shops.
You donated 1487 gold pieces to Zin.

Inventory:

Missiles
 o - 36 boomerangs (quivered)
 H - 5 curare-tipped darts
 N - 27 poisoned darts
 O - a throwing net
Armour
 c - a +1 cloak of cold resistance
 f - a +0 kite shield of protection (worn)
 r - a +2 pair of boots (worn)
 t - a +2 pair of gloves (worn)
 y - +1 gold dragon scales (worn)
 M - a +1 tower shield of protection
 U - a +2 plate armour of fire resistance
 W - a +2 cloak of stealth (worn)
Jewellery
 g - an amulet of faith (around neck)
 i - the ring of Lerghiem {rF+ MP+9}
   (You found it on level 5 of the Lair of Beasts)

   [ring of magical power]

   rF:        It protects you from fire.
   MP:        It affects your magic capacity (+9).
 F - a ring of flight
 I - the ring "Juha" (right hand) {rPois Will+++ MP+9 Str-2 Stlth+}
   (You found it on level 3 of a ziggurat)

   [ring of magical power]

   Str:       It affects your strength (-2).
   rPois:     It protects you from poison.
   MP:        It affects your magic capacity (+9).
   Will:      It greatly increases your willpower.
   Stlth:     It makes you more stealthy.
 P - a +6 ring of strength
 R - a +5 ring of evasion (left hand)
Talismans
 B - a granite talisman
Wands
 a - a wand of digging (13)
 n - a wand of charming (17)
 v - a wand of roots (46)
 K - a wand of flame (79)
 L - a wand of mindburst (50)
 S - a wand of polymorph (15)
 T - a wand of acid (1)
Scrolls
 b - 2 scrolls of butterflies
 h - 8 scrolls of blinking
 k - 26 scrolls of teleportation
 m - 7 scrolls of enchant weapon
 p - 8 scrolls of amnesia
 D - 4 scrolls of poison
 G - 3 scrolls of fog
 X - 6 scrolls of fear
 Z - 2 scrolls of silence
Potions
 d - 5 potions of haste
 e - 6 potions of ambrosia
 j - 4 potions of cancellation
 q - 10 potions of curing
 s - 4 potions of might
 u - 15 potions of mutation
 x - a potion of berserk rage
 C - 4 potions of magic
 E - 3 potions of invisibility
 J - 6 potions of enlightenment
 Q - 5 potions of resistance
Miscellaneous
 l - a phial of floods
 z - a box of beasts
 A - a phantom mirror
 V - a tin of tremorstones (1/2)
 Y - a lightning rod (4/4)


   Skills:
 + Level 25.9 Fighting
 - Level 14.0 Armour
 - Level 7.2 Dodging
 - Level 9.9 Shields
 - Level 24.0 Unarmed Combat
 - Level 16.0 Invocations
 - Level 14.0 Evocations
 - Level 5.0 Shapeshifting


You had 25 spell levels left.
You didn't know any spells.
Your spell library contained the following spells:

 Spells                   Type           Power      Damage    Failure   Level
 Apportation              Tloc           0%         N/A       100%        1
 Kiss of Death            Conj/Necr      0%         2d5       100%        1
 Magic Dart               Conj           0%         1d3       100%        1
 Necrotise                Necr           0%         1d4       100%        1
 Shock                    Conj/Air       0%         1d3       100%        1
 Sting                    Tmut/Pois      0%         1d3       100%        1
 Summon Small Mammal      Summ           0%         N/A       100%        1
 Call Imp                 Summ           0%         N/A       100%        2
 Cigotuvi's Dreadful Rot  Necr/Pois/Air  0%         N/A       100%        2
 Poisonous Vapours        Pois/Air       0%         N/A       100%        2
 Call Canine Familiar     Summ           0%         N/A       100%        3
 Confusing Touch          Hex            0%         N/A       100%        3
 Dazzling Flash           Conj/Hex       0%         N/A       100%        3
 Frozen Ramparts          Ice            0%         1d1       100%        3
 Gell's Gravitas          Tloc           0%         N/A       100%        3
 Inner Flame              Hex/Fire       0%         N/A       100%        3
 Mephitic Cloud           Conj/Pois/Air  0%         N/A       100%        3
 Ozocubu's Armour         Ice            0%         N/A       100%        3
 Portal Projectile        Hex/Tloc       0%         N/A       100%        3
 Summon Guardian Golem    Hex/Summ       0%         N/A       100%        3
 Teleport Other           Tloc           0%         N/A       100%        3
 Tukima's Dance           Hex            0%         N/A       100%        3
 Vampiric Draining        Necr           0%         2d6       100%        3
 Vhi's Electric Charge    Tloc/Air       0%         N/A       100%        3
 Volatile Blastmotes      Fire/Tloc      0%         2d10      100%        3
 Dispel Undead            Necr           0%         3d6       100%        4
 Flame Wave               Conj/Fire      0%         2d4       100%        4
 Iskenderun's Mystic Bla  Conj/Tloc      0%         2d3       100%        4
 Leda's Liquefaction      Hex/Erth       0%         N/A       100%        4
 Manifold Assault         Tloc           0%         N/A       100%        4
 Olgreb's Toxic Radiance  Pois           0%         N/A       100%        4
 Passage of Golubria      Tloc           0%         N/A       100%        4
 Petrify                  Tmut/Erth      0%         N/A       100%        4
 Sticky Flame             Conj/Fire      0%         2d3       100%        4
 Agony                    Necr           0%         N/A       100%        5
 Alistair's Intoxication  Tmut/Pois      0%         N/A       100%        5
 Arcjolt                  Conj/Air       0%         1d10      100%        5
 Borgnjor's Vile Clutch   Necr/Erth      0%         N/A       100%        5
 Fireball                 Conj/Fire      0%         3d3       100%        5
 Iskenderun's Battlesphe  Conj           0%         2d6       100%        5
 Metabolic Englaciation   Hex/Ice        0%         N/A       100%        5
 Silence                  Hex/Air        0%         N/A       100%        5
 Summon Forest            Summ/Tloc      0%         N/A       100%        5
 Summon Mana Viper        Hex/Summ       0%         N/A       100%        5
 Yara's Violent Unravell  Hex/Tmut       0%         3d3       100%        5
 Conjure Ball Lightning   Conj/Air       0%         3x3d6     100%        6
 Dispersal                Tloc           0%         N/A       100%        6
 Eringya's Noxious Bog    Tmut/Pois      0%         4d6       100%        6
 Leda's Unmaking          Conj/Erth      0%         9d1       100%        6
 Starburst                Conj/Fire      0%         6d3       100%        6
 Summon Cactus Giant      Summ           0%         N/A       100%        6
 Enfeeble                 Hex            0%         N/A       100%        7
 Orb of Destruction       Conj           0%         9d5       100%        7
 Ozocubu's Refrigeration  Ice            0%         4d7       100%        7
 Spellforged Servitor     Conj/Summ      0%         N/A       100%        7
 Disjunction              Tloc           0%         N/A       100%        8
 Maxwell's Capacitive Co  Air            0%         ∞         100%        8
 Chain Lightning          Conj/Air       0%         N/A       100%        9


Dungeon Overview and Level Annotations

Branches:
Dungeon (15/15)            Temple (0/1) D:7            Lair (5/5) D:11
 Shoals (4/4) Lair:3        Snake (4/4) Lair:2        Slime (0/5) Lair:5
    Orc (2/2) D:10            Elf (0/3) Orc:2        Vaults (5/5) D:13
  Crypt (0/3) Vaults:3     Depths (4/4) D:15            Zot (5/5) Depths:4
  IceCv (visited)

Altars:
Cheibriados
Dithmenos
Elyvilon
Fedhas
Hepliaklqana
Nemelex Xobeh
Okawaru
Qazlal
Vehumet
Xom
Zin
The Shining One
Jiyva

Shops:
D:13 [(*   Orc:2 (*!(   Shoals:2 :   Vaults:1 [   Vaults:2 [   Vaults:4 :
Vaults:5 !?!!?

Portals:
Hell: Depths:1 Depths:2 Depths:3 Depths:4
Abyss: Depths:3
Pandemonium: Depths:2 Depths:4

Annotations:
D:3 1 runed translucent door, Crazy Yiuf
D:9 3 runed translucent doors, Leavold's ghost, novice DECj
D:10 Urug
D:11 1 exclusion
D:13 3 runed translucent doors, juan097's ghost, journeyman TrSh
Lair:3 1 runed translucent door, Pooter's ghost, journeyman MiBe
Shoals:4 2 transporters, SecretSquirrel's ghost, adept SpHu
Vaults:5 1 exclusion
Depths:3 1 runed translucent door, Xutext's ghost, adept DsAK
Zot:5 2 transporters, CornPuffBuddha's ghost, legendary HOFi


Innate Abilities, Weirdness & Mutations

You have razor-sharp teeth.
Your natural rate of healing is unusually fast.
When hurt, damage is shared between your health and your magic reserves.
Your bite disrupts and absorbs the magic of your enemies.
Potions cannot restore your health.
You have a pair of small horns on your head.
You are agile. (Dex +4, Str/Int -1)


Message History

The Tzitzimitl is heavily wounded.
You miss the Tzitzimitl.
You headbutt the Tzitzimitl, but do no damage.
Your bite misses the Tzitzimitl.
The Tzitzimitl is heavily wounded.
The Tzitzimitl gestures at you. The bolt of negative energy misses you.
You hit the Tzitzimitl.
You headbutt the Tzitzimitl, but do no damage.
You bite the Tzitzimitl, but do no damage.
The Tzitzimitl is heavily wounded.
You pummel the Tzitzimitl!! Your headbutt misses the Tzitzimitl.
Your bite misses the Tzitzimitl.
The Tzitzimitl is severely wounded.
You block the Tzitzimitl's attack. x2
You hit the Tzitzimitl but do no damage.
Your bite misses the Tzitzimitl.
The Tzitzimitl is severely wounded.
The Tzitzimitl calls on the powers of darkness!
Your body is wracked with pain!
You pound the Tzitzimitl into fine dust!!!
You kill the Tzitzimitl!
Zin accepts your kill.
(D) Dungeon (T) Temple (L) Lair (A) Shoals (P) Snake Pit (M) Slime Pits (O) Orcish Mines (E) Elven Halls (V) Vaults (C) Crypt (U) Depths (H) Hell (Z) Zot
Where to? (Enter - D:1 @ (x,y), ? - help)
There is a stone staircase leading up here.
You climb upwards.
There is a stone staircase leading down here.
You see here a +0 club.
You see here a staff of cold.
There is a stone staircase leading up here.
You climb upwards.
There is a stone staircase leading down here.
There is a large open door here.
There is a large open door here.
There is a staircase leading out of the dungeon here.
You have escaped!

#.# #####.....##.....
#.##########'###'#######
#.##......#.......#
#.#....>..'.......#
#.........#.⌠.⌠.⌠.######
#...###'###.......#.....
#######'###.......######
#...###############
#.@.##########.....
#...'..........####
##############.#### ###
### ##..... #.# #.#
#..###. #.# #.###.)# #.
#.# #.##...# #. #.#
#.##..## #.
#.########.##..####.


There were no monsters in sight!

Vanquished Creatures
  3 dread liches
  An ancient lich (Vaults:5)
  5 orbs of fire (Zot:5)
  Boris (thrice) (Vaults:3 Depths:4 Zot:1)
  Frederick (Vaults:5)
  2 Killer Klowns (Zot:5)
  Vashnia (Snake:3)
  Saint Roka (Depths:1)
  2 curse toes (Zot:4)
  Xtahua (Depths:3)
  2 caustic shrikes (Depths:4)
  Nikola (Shoals:2)
  3 golden dragons
  A profane servitor (Depths:2)
  A Tzitzimitl (D:3)
  2 bone dragons (Zot:2)
  2 Ice Fiends (Zig:6)
  7 tentacled monstrosities
  An electric golem (Zot:5)
  Zenata (Vaults:1)
  A walking crystal tome (Depths:3)
  Rupert (D:13)
  A lich (IceCv)
  A Hell Sentinel (Depths:2)
  2 titans
  21 Orb Guardians (Zot:5)
  Mlioglotl (Snake:3)
  4 quicksilver dragons
  An ancient champion (Vaults:3)
  Polyphemus (Shoals:2)
  An Executioner (D:5)
  2 death cobs (Zot:2)
  8 sphinxes
  Agnes (D:14)
  6 shadow dragons
  5 nagarajas (Snake:4)
  Roxanne (Shoals:1)
  10 tengu reavers
  A draconian knight (Depths:4)
  An azure jelly (Zig:6)
  5 draconian monks
  8 storm dragons
  Aizul (Snake:3)
  A revenant (Vaults:3)
  A nargun (Zig:6)
  7 frost giants
  15 vault wardens
  8 fire giants
  A ghost moth (shapeshifter) (Vaults:5)
  2 ghost moths
  3 draconian scorchers
  An iron dragon (Vaults:5)
  A juggernaut zombie (Depths:2)
  3 draconian shifters
  A cacodemon (Depths:2)
  A spriggan defender (Depths:3)
  2 orc warlords
  2 draconian stormcallers
  A curse skull (Vaults:3)
  25 very ugly things
  20 ironbound preservers
  3 draconian annihilators
  5 war gargoyles
  2 formless jellyfish (Vaults:1)
  2 vampire knights (Depths:3)
  12 stone giants
  A caustic shrike skeleton (Depths:2)
  2 white draconians
  4 green draconians
  12 ironbound thunderhulks
  2 grey draconians (Depths:4)
  A deep elf annihilator (Vaults:5)
  12 dire elephants
  4 yellow draconians
  6 black draconians
  4 red draconians
  A deep elf demonologist (Vaults:4)
  A lorocyproca (D:5)
  6 spark wasps
  5 purple draconians
  4 crystal guardians
  8 merfolk javelineers
  11 ettins
  A blizzard demon (D:15)
  A deep elf death mage (Vaults:4)
  3 merfolk impalers (Shoals:4)
  6 fire dragons
  2 deep elf high priests (Vaults:5)
  5 great orbs of eyes
  19 yaktaur captains
  Josephine (Orc:2)
  5 salamander tyrants
  3 entropy weavers
  2 rakshasas (Depths:1)
  34 vault guards
  9 ice dragons
  2 hydras
  A caustic shrike simulacrum (IceCv)
  10 ironbound frosthearts
  5 merfolk aquamancers (Shoals:4)
  15 anacondas
  2 merfolk avatars (Shoals:3)
  A catoblepas (Lair:5)
  17 centaur warriors
  4 peacekeepers
  6 two-headed ogres
  3 deep troll shamans
  2 deep troll earth magi
  A satyr (Shoals:4)
  6 tengu warriors
  2 death yaks (Shoals:2)
  A demonic crawler (Zig:2)
  A boulder beetle (Vaults:2)
  2 alligator snapping turtles (Shoals:3)
  19 naga warriors
  A shock serpent (shapeshifter) (Vaults:5)
  A vampire mage (Depths:1)
  7 shock serpents
  A sun demon (D:15)
  18 naga sharpshooters
  4 soul eaters (Zot:2)
  4 skysharks
  3 spriggan berserkers
  12 skeletal warriors (D:13)
  8 hell knights
  6 salamander mystics
  2 iron trolls
  Lodul (D:13)
  25 sea snakes
  3 glowing orange brains
  A golden dragon zombie (Depths:2)
  4 bog bodies (IceCv)
  A flayed ghost (Zig:4)
  54 deep trolls
  Pikel (D:7)
  7 naga ritualists
  A spriggan simulacrum (IceCv)
  An obsidian statue (IceCv)
  13 orc knights
  7 necromancers
  6 phantasmal warriors
  7 wizards
  16 lindwurms
  3 deep elf pyromancers (D:13)
  A wolf spider zombie (D:13)
  17 ironbound convokers
  15 harpies
  2 mana vipers
  A harpy (shapeshifter) (D:14)
  An orc sorcerer (Depths:1)
  5 cyclopes
  A stone giant zombie (Vaults:4)
  12 manticores
  24 ugly things
  34 salamanders
  2 tengu skeletons
  A manticore (shapeshifter) (Vaults:5)
  A shadow dragon skeleton (Zot:2)
  5 merfolk sirens
  4 rust devils
  7 moths of wrath
  3 centaur zombies (D:13)
  4 water nymphs
  A fire giant skeleton (Depths:2)
  22 naga magi
  A black mamba (shapeshifter) (D:12)
  2 stone giant skeletons
  4 torpor snails
  39 black mambas
  A smoke demon (Depths:2)
  8 guardian serpents
  24 vault sentinels
  13 cane toads
  31 yaktaurs
  2 rime drakes
  3 large abominations (D:5)
  2 unseen horrors
  13 komodo dragons
  2 anaconda simulacra (IceCv)
  A redback zombie (D:13)
  A yaktaur (shapeshifter) (Vaults:5)
  A kobold demonologist (D:12)
  2 ice devils
  15 freezing wraiths
  2 golden dragon simulacra (IceCv)
  4 guardian mummies
  2 efreet
  3 tengu conjurers
  15 merfolk
  A tormentor (Zig:6)
  7 trolls
  5 wind drakes
  2 meliai (shapeshifter)
  4 harpy zombies (Shoals:4)
  3 polar bears
  12 hornets
  3 tyrant leeches (Lair:5)
  2 tarantellas
  17 blink frogs
  15 snapping turtles
  18 dream sheep
  A dream sheep (shapeshifter) (Vaults:4)
  A flying skull (Zig:5)
  33 slime creatures
  3 shadows
  A jumping spider (Vaults:5)
  3 dire elephant simulacra (IceCv)
  38 yaks
  3 water elementals
  A vampire (D:13)
  6 wraiths
  2 ettin skeletons
  A ynoxinul (Depths:2)
  8 wyverns
  5 spriggans
  18 humans (D:13)
  2 ushabtiu (Zig:5)
  4 basilisks
  2 chaos spawn (Depths:2)
  2 steam dragons
  2 minotaur simulacra (IceCv)
  8 redbacks
  8 wargs
  A yaktaur simulacrum (Vaults:4)
  5 harpy simulacra (IceCv)
  12 water moccasins
  49 nagas
  4 acid dragons
  5 hell hounds (Depths:2)
  Duvessa (D:7)
  3 floating eyes
  3 hydra simulacra (IceCv)
  A glowing shapeshifter skeleton (Zig:5)
  A hornet zombie (D:13)
  2 sky beasts (D:6)
  2 manticore zombies (Shoals:4)
  55 orc warriors
  2 ice beasts
  An ettin simulacrum (IceCv)
  A human zombie (Vaults:3)
  10 ogres
  3 alligator simulacra (IceCv)
  17 centaurs
  6 boggarts
  12 wolves
  2 lemures (D:7)
  4 kobold brigands
  11 bullfrogs
  2 deep troll simulacra (IceCv)
  2 gnoll sergeants
  3 earth elementals (Zig:3)
  5 scorpions
  Dowan (D:7)
  11 wights
  A human simulacrum (Vaults:4)
  6 lindwurm simulacra (IceCv)
  A killer bee (D:8)
  6 electric eels
  3 vampire bats (Orc:2)
  2 howler monkeys (D:8)
  4 crimson imps (Depths:1)
  3 hounds
  4 lava snakes (Lair:2)
  8 jellies
  18 orc priests
  2 gnoll boudas
  Natasha (twice) (D:2)
  3 iguanas
  18 orc wizards
  6 mummies (Zig:5)
  6 adders
  13 gnolls
  A shadow imp (D:7)
  6 white imps
  An ufetubus (D:5)
  2 worms
  3 dart slugs
  103 orcs
  8 endoplasms
  6 giant cockroaches
  5 goblins
  4 hobgoblins
  3 jackals (D:5)
  2 quokkas
  5 ball pythons
  20 bats
  5 frilled lizards
  11 kobolds
  6 rats
1866 creatures vanquished.

Vanquished Creatures (collateral kills)
  A stone giant (Depths:1)
  A spark wasp (Depths:1)
  A glowing shapeshifter simulacrum (Zig:6)
3 creatures vanquished.

Vanquished Creatures (others)
  A shadow dragon (Depths:3)
  A tengu reaver (Depths:3)
  A draconian scorcher (Zot:4)
  A fire dragon (Depths:3)
  2 ice dragons
  A merfolk aquamancer (Shoals:4)
  3 death yaks (Lair:5)
  2 naga sharpshooters (Snake:3)
  A skeletal warrior (D:13)
  An iron troll (Depths:2)
  3 deep trolls
  A lindwurm (Lair:5)
  A salamander (Snake:3)
  A manticore (Lair:5)
  A moth of wrath (Zot:5)
  2 naga magi (Snake:3)
  A cane toad (Lair:5)
  A rime drake (Lair:5)
  A yak (Lair:5)
  2 nagas
  A centaur (D:8)
  A bullfrog (D:8)
  2 wights (D:8)
  An orc priest (Orc:2)
  A sleepcap (D:8)
  An orc (Orc:1)
35 creatures vanquished.

Grand Total: 1904 creatures vanquished

Notes
Turn   | Place    | Note
-------+----------+-------------------------------------------
     0 | D:1      | Midn8 the Vine Stalker Shapeshifter began the quest for the
                  | Orb.
     0 | D:1      | Reached XP level 1. HP: 11/11 MP: 2/2
    92 | D:1      | Got Vehumet's Incunable of Battle Magic
   104 | D:1      | Reached XP level 2. HP: 14/15 MP: 3/3
   318 | D:1      | Reached XP level 3. HP: 18/18 MP: 4/4
   835 | D:2      | Noticed Natasha
   841 | D:2      | Killed Natasha
   842 | D:2      | Gained mutation: Your natural rate of healing is unusually
                  | fast. [Vine Stalker growth]
   842 | D:2      | Reached XP level 4. HP: 16/23 MP: 2/5
  1311 | D:2      | Noticed Natasha
  1321 | D:2      | Killed Natasha
  1495 | D:3      | Reached skill level 5 in Unarmed Combat
  1523 | D:3      | Reached XP level 5. HP: 26/26 MP: 4/6
  2041 | D:3      | Found a runed translucent door.
  2042 | D:3      | Noticed Crazy Yiuf
  2653 | D:4      | Reached skill level 2 in Fighting
  2653 | D:4      | Reached XP level 6. HP: 30/30 MP: 5/7
  2762 | D:4      | Reached skill level 3 in Fighting
  3057 | D:5      | Entered Level 5 of the Dungeon
  3211 | D:5      | Reached skill level 4 in Fighting
  3211 | D:5      | Reached XP level 7. HP: 36/37 MP: 8/8
  3475 | D:5      | Found a snail-covered altar of Cheibriados.
  3477 | D:5      | Found a shadowy altar of Dithmenos.
  3655 | D:5      | Found a stormy altar of Qazlal.
  3655 | D:5      | Found a white marble altar of Elyvilon.
  3656 | D:5      | Found a glowing silver altar of Zin.
  3663 | D:5      | Became a worshipper of Elyvilon the Healer
  3848 | D:6      | Reached skill level 5 in Shapeshifting
  3848 | D:6      | Reached skill level 1 in Invocations
  3983 | D:6      | Gained mutation: You have razor-sharp teeth. [Vine Stalker
                  | growth]
  3983 | D:6      | Reached XP level 8. HP: 42/42 MP: 10/10
  4257 | D:6      | Reached * piety under Elyvilon
  4461 | D:7      | Noticed Pikel
  4471 | D:7      | Killed Pikel
  4472 | D:7      | Reached XP level 9. HP: 43/46 MP: 11/13
  4548 | D:7      | Reached skill level 5 in Fighting
  4601 | D:6      | Reached skill level 6 in Fighting
  4649 | D:6      | Noticed a manticore
  4649 | D:6      | Noticed a cyclops
  4728 | D:7      | Reached skill level 1 in Armour
  4749 | D:7      | Noticed a two-headed ogre
  4758 | D:7      | Killed a two-headed ogre
  4759 | D:7      | Reached skill level 5 in Invocations
  4800 | D:7      | Found an iron altar of Okawaru.
  4879 | D:7      | Noticed Dowan
  4884 | D:7      | Killed Dowan
  4884 | D:7      | Noticed Duvessa
  4896 | D:7      | Killed Duvessa
  4923 | D:7      | Found a staircase to the Ecumenical Temple.
  5152 | D:7      | Reached XP level 10. HP: 41/53 MP: 15/15
  5187 | D:7      | Identified the +7 leather armour of Light {rF+}
  5401 | D:8      | Reached ** piety under Elyvilon
  5451 | D:8      | Reached skill level 10 in Unarmed Combat
  5574 | D:8      | Noticed a red ugly thing
  5578 | D:8      | Pacified a red ugly thing
  5587 | D:8      | Reached skill level 7 in Fighting
  5765 | D:8      | Reached skill level 8 in Fighting
  5905 | D:8      | Reached XP level 11. HP: 60/60 MP: 14/16
  6133 | D:8      | Reached *** piety under Elyvilon
  6410 | D:8      | Identified the +0 pair of gloves of the Midnight Sun {rC+
                  | Dex+3 Stlth+}
  6913 | D:9      | Noticed a centaur warrior
  6958 | D:9      | Noticed a two-headed ogre
  6966 | D:9      | Killed a two-headed ogre
  6975 | D:9      | Killed a centaur warrior
  7146 | D:9      | Noticed a two-headed ogre
  7154 | D:9      | Killed a two-headed ogre
  7399 | D:9      | Noticed a two-headed ogre
  7405 | D:9      | Killed a two-headed ogre
  7422 | D:9      | Found a radiant altar of Vehumet.
  7422 | D:9      | Reached **** piety under Elyvilon
  7487 | D:9      | Noticed Psyche
  7488 | D:9      | Pacified Psyche
  7671 | D:9      | Found a sparkling altar of Nemelex Xobeh.
  7672 | D:9      | Found a blossoming altar of Fedhas.
  7793 | D:9      | Found a runed translucent gate.
  7793 | D:9      | Found a runed translucent gate.
  7793 | D:9      | Found a runed translucent gate.
  7796 | D:9      | Noticed Leavold's ghost (novice DECj)
  7799 | D:9      | Found a viscous altar of Jiyva.
  7831 | D:10     | Entered Level 10 of the Dungeon
  7931 | D:10     | Found a shimmering altar of Xom.
  7960 | D:10     | Noticed Urug
  8343 | D:10     | Found a staircase to the Orcish Mines.
  8874 | D:11     | Noticed a boulder beetle
  8886 | D:11     | Pacified a boulder beetle
  8901 | D:11     | Reached XP level 12. HP: 54/64 MP: 18/20
  8928 | D:11     | Noticed a centaur warrior
  9089 | D:11     | Noticed a two-headed ogre
  9092 | D:11     | Reached skill level 10 in Invocations
  9102 | D:11     | Killed a two-headed ogre
  9146 | D:11     | Killed a centaur warrior
  9153 | D:11     | Found a staircase to the Lair.
  9185 | Lair:1   | Entered Level 1 of the Lair of Beasts
  9188 | Lair:1   | Identified a scroll of acquirement
  9188 | Lair:1   | Acquired a manual of Armour
  9203 | Lair:1   | Reached skill level 5 in Armour
  9515 | Lair:1   | Reached skill level 9 in Fighting
  9687 | Lair:1   | Noticed a catoblepas
  9689 | Lair:1   | Pacified a catoblepas
  9797 | Lair:1   | Reached skill level 10 in Fighting
  9924 | Lair:1   | Noticed a boulder beetle
  9925 | Lair:1   | Pacified a boulder beetle
 10518 | Lair:2   | Reached ***** piety under Elyvilon
 10619 | Lair:2   | Noticed a seven-headed hydra
 10634 | Lair:2   | Pacified a seven-headed hydra
 10635 | Lair:2   | Reached XP level 13. HP: 46/72 MP: 10/21
 10874 | Lair:2   | Found a staircase to the Snake Pit.
 11341 | Lair:3   | You fall into a shaft and drop 2 floors!
 11341 | Lair:5   | Entered Level 5 of the Lair of Beasts
 12201 | Lair:3   | Found a runed translucent door.
 12201 | Lair:3   | Found a shimmering altar of Xom.
 12201 | Lair:3   | Noticed Pooter's ghost (journeyman MiBe)
 12201 | Lair:3   | Found the +5 Lochaber axe {reach-cleave, Poleaxe Drain}
 12462 | Lair:3   | Reached skill level 15 in Unarmed Combat
 12562 | Lair:3   | Found a staircase to the Shoals.
 12804 | Lair:4   | Reached ****** piety under Elyvilon
 13369 | Lair:5   | Reached skill level 11 in Fighting
 13560 | Lair:5   | Reached XP level 14. HP: 73/79 MP: 19/22
 13628 | Lair:5   | Found a runed translucent door.
 13745 | Lair:5   | Reached skill level 12 in Fighting
 13751 | Lair:5   | Reached skill level 1 in Evocations
 13977 | Lair:5   | Found a staircase to the Slime Pits.
 14344 | Lair:5   | Identified the ring of Lerghiem {rF+ MP+9}
 14579 | Lair:5   | Reached skill level 5 in Evocations
 14657 | Lair:5   | Gained mutation: You have a pair of small horns on your
                  | head. [potion of mutation]
 14657 | Lair:5   | Gained mutation: You are agile. (Dex +4, Str/Int -1)
                  | [potion of mutation]
 14723 | Lair:5   | Paralysed by a hornet for 3 turns
 15818 | D:13     | Noticed Lodul
 15963 | D:13     | Killed Lodul
 15988 | D:13     | Noticed Rupert
 16007 | D:13     | Killed Rupert
 16366 | D:13     | Found a runed translucent gate.
 16367 | D:13     | Found a runed translucent gate.
 16368 | D:13     | Found a runed translucent gate.
 16374 | D:13     | Found Hoczee's Weapon Shoppe.
 16445 | D:13     | Reached XP level 15. HP: 64/84 MP: 17/25
 16608 | D:13     | Noticed a storm dragon
 16610 | D:13     | Noticed juan097's ghost (journeyman TrSh)
 16768 | D:13     | Found Vocul's Antique Weapon Shop.
 17004 | D:13     | Found Rir Jezo's General Store.
 17012 | D:13     | Bought a scroll of identify for 24 gold pieces
 17074 | D:13     | Found Bakhi's Armour Shoppe.
 17194 | D:13     | Found a gate to the Vaults.
 17310 | Orc:1    | Entered Level 1 of the Orcish Mines
 17429 | Orc:2    | Entered Level 2 of the Orcish Mines
 17638 | Orc:2    | Found Kiredoed's Assorted Antiques.
 17638 | Orc:2    | Found Ugiyjasu's Antique Weapon Shoppe.
 17740 | Orc:2    | Noticed Josephine
 17760 | Orc:2    | Killed Josephine
 17827 | Orc:2    | Found Epaza's Weapon Boutique.
 18151 | Orc:2    | Found a staircase to the Elven Halls.
 18293 | Orc:2    | Found Ecaum's Distillery.
 18332 | Orc:2    | Bought a potion of magic for 88 gold pieces
 18332 | Orc:2    | Bought a potion of haste for 110 gold pieces
 18332 | Orc:2    | Bought a potion of haste for 110 gold pieces
 18332 | Orc:2    | Bought a potion of resistance for 110 gold pieces
 18513 | Orc:2    | Reached skill level 13 in Fighting
 18524 | Orc:2    | Bought a piece from Xom's chessboard (15/15) for 720 gold
                  | pieces
 18524 | Orc:2    | Bought a faintly glowing chain mail for 342 gold pieces
 18524 | Orc:2    | Identified the +7 chain mail of Ifint {rN+} (You bought it
                  | in a shop on level 2 of the Orcish Mines)
 18650 | Orc:1    | Noticed an orc warlord
 18785 | Orc:1    | Killed an orc warlord
 19247 | Snake:1  | Entered Level 1 of the Snake Pit
 19433 | Snake:1  | Reached skill level 14 in Fighting
 19510 | Snake:1  | Reached XP level 16. HP: 93/93 MP: 26/26
 19778 | Snake:1  | Found a frozen archway.
 19787 | IceCv    | Entered an ice cave
 20021 | IceCv    | Reached skill level 5 in Dodging
 20111 | IceCv    | Found an ancient bone altar of Kikubaaqudgha.
 20306 | IceCv    | Noticed a lich
 20325 | IceCv    | Killed a lich
 20394 | IceCv    | Identified a ring of Wirih {rN+ rCorr Dex+2 Slay-4}
 21221 | Snake:1  | Reached skill level 1 in Shields
 22322 | Snake:2  | Reached skill level 5 in Shields
 22945 | Snake:2  | Reached XP level 17. HP: 46/97 MP: 16/27
 24284 | Snake:3  | Noticed Aizul
 24303 | Snake:3  | Killed Aizul
 24669 | Snake:3  | Reached skill level 15 in Fighting
 24726 | Snake:3  | Noticed Mlioglotl
 24761 | Snake:3  | Killed Mlioglotl
 25723 | Snake:4  | Entered Level 4 of the Snake Pit
 26750 | Snake:4  | Reached XP level 18. HP: 105/105 MP: 28/28
 27254 | Snake:4  | Reached skill level 16 in Fighting
 27734 | Snake:4  | Got a serpentine rune of Zot
 27939 | Shoals:1 | Entered Level 1 of the Shoals
 28076 | Snake:3  | Noticed Vashnia
 28363 | Snake:3  | Killed Vashnia
 28667 | Shoals:1 | Reached XP level 19. HP: 100/109 MP: 26/29
 28795 | Shoals:1 | Noticed Roxanne
 28813 | Shoals:1 | Killed Roxanne
 28904 | Shoals:1 | Noticed Louise
 28909 | Shoals:1 | Pacified Louise
 28972 | Shoals:1 | Identified the +1 ring mail of Free Expression {-Cast Fly
                  | Will++ Str+4}
 29727 | Shoals:2 | Noticed Polyphemus
 29747 | Shoals:2 | Killed Polyphemus
 29835 | Shoals:2 | Noticed Nikola
 29849 | Shoals:2 | Killed Nikola
 29850 | Shoals:2 | Reached skill level 10 in Armour
 30221 | Shoals:2 | Found Setsecs's Self-Improvement Boutique.
 31125 | Shoals:4 | Entered Level 4 of the Shoals
 31125 | Shoals:4 | Found a transporter.
 31125 | Shoals:4 | Found a transporter.
 31505 | Shoals:4 | Reached XP level 20. HP: 38/116 MP: 12/31
 31710 | Shoals:4 | Noticed SecretSquirrel's ghost (adept SpHu)
 31752 | Shoals:4 | Got a barnacled rune of Zot
 32028 | Vaults:1 | Entered Level 1 of the Vaults
 32280 | Vaults:1 | Reached skill level 17 in Fighting
 32512 | Vaults:1 | Paralysed by a formless jellyfish for 1 turns
 32705 | Vaults:1 | Found Oxuritus's Armour Emporium.
 33130 | Vaults:1 | Noticed Zenata
 33155 | Vaults:1 | Killed Zenata
 34024 | Vaults:2 | Reached XP level 21. HP: 103/121 MP: 29/32
 34525 | Vaults:2 | You are sucked into a shaft and drop 1 floor!
 34718 | Vaults:3 | Found a staircase to the Crypt.
 34915 | Vaults:3 | Noticed Boris
 34938 | Vaults:3 | Killed Boris
 35295 | Vaults:3 | Identified the +1 cloak of the Singing Gods {rN+ MP-9
                  | Str+4}
 35310 | Vaults:3 | Reached skill level 18 in Fighting
 35986 | Vaults:2 | Found Umpeust's Antique Armour Shoppe.
 36002 | Vaults:2 | Bought a crude ring mail for 351 gold pieces
 36002 | Vaults:2 | Identified the +0 ring mail of Kukowiol {+Blink} (You
                  | bought it in a shop on level 2 of the Vaults)
 36243 | Vaults:3 | Reached skill level 10 in Evocations
 36862 | Vaults:4 | Found Ukyasim's Book Boutique.
 36868 | Vaults:4 | Bought a manual of Fighting for 1680 gold pieces
 37222 | Vaults:4 | Reached XP level 22. HP: 86/128 MP: 33/33
 37836 | Vaults:4 | Reached skill level 19 in Fighting
 38624 | Shoals:4 | Identified the ring "Xaxtoto" {Wiz Will- Str+2 Int+3}
 39029 | Shoals:4 | Reached skill level 20 in Fighting
 39576 | D:14     | Found a blossoming altar of Fedhas.
 39995 | D:14     | Noticed Agnes
 40007 | D:14     | Killed Agnes
 40386 | D:15     | Entered Level 15 of the Dungeon
 40462 | D:15     | Reached skill level 21 in Fighting
 40568 | D:15     | Found a staircase to the Depths.
 41017 | Depths:1 | Entered Level 1 of the Depths
 41228 | Depths:1 | Found a glowing golden altar of the Shining One.
 41512 | Depths:1 | Noticed Saint Roka
 41554 | Depths:1 | Killed Saint Roka
 42111 | Depths:1 | Found a gateway to Hell.
 42238 | Depths:1 | Found a shimmering altar of Xom.
 42726 | Depths:2 | Found a one-way gate leading to the halls of Pandemonium.
 42812 | Depths:2 | Reached XP level 23. HP: 93/140 MP: 21/34
 42883 | Depths:2 | Paralysed by a floating eye for 2 turns
 42889 | Depths:2 | Paralysed by a floating eye for 4 turns
 43323 | Depths:2 | Identified the +1 robe of Sovysas {rElec rC++ Regen+ MP-9}
 43805 | Depths:3 | Noticed Xtahua
 43826 | Depths:3 | Killed Xtahua
 44177 | Depths:3 | Reached skill level 22 in Fighting
 44242 | Depths:3 | Found a one-way gate to the infinite horrors of the Abyss.
 44737 | Depths:3 | Found a hazy altar of Hepliaklqana.
 44739 | Depths:3 | Found a runed translucent door.
 44783 | Depths:3 | Noticed Xutext's ghost (adept DsAK)
 45230 | Depths:3 | Noticed a golden dragon
 45231 | Depths:3 | Pacified a golden dragon
 45827 | Depths:4 | Entered Level 4 of the Depths
 45827 | Depths:4 | Noticed a caustic shrike
 45827 | Depths:4 | Noticed a caustic shrike
 45827 | Depths:4 | Noticed a caustic shrike
 45827 | Depths:4 | Noticed a caustic shrike
 45827 | Depths:4 | Noticed a caustic shrike
 45954 | Depths:4 | Noticed Boris
 46155 | Depths:4 | Killed Boris
 46178 | Depths:3 | Identified the +5 quarterstaff of Roatisigh {freeze, rCorr
                  | Str+4}
 46623 | Depths:4 | Noticed a golden dragon
 46655 | Depths:4 | Killed a golden dragon
 46716 | Depths:4 | Found a gate to the Realm of Zot.
 46891 | Depths:4 | Pacified a caustic shrike
 46894 | Depths:4 | Pacified a caustic shrike
 46895 | Depths:4 | Pacified a caustic shrike
 46898 | Depths:4 | Killed a caustic shrike
 46905 | Depths:4 | Killed a caustic shrike
 46906 | Depths:4 | Reached XP level 24. HP: 97/147 MP: 34/34
 46990 | Depths:4 | Found a one-way gateway to a ziggurat.
 47474 | Vaults:5 | Entered Level 5 of the Vaults
 47513 | Vaults:5 | Noticed an ancient lich
 47526 | Vaults:5 | Killed an ancient lich
 47554 | Vaults:5 | Noticed Frederick
 47565 | Vaults:5 | Killed Frederick
 47641 | Vaults:5 | Identified the +3 falchion of Hukkilux {flame, Fly}
 48548 | Vaults:5 | Identified the amulet of Discord {Acrobat rPois rF+ Dex-2}
 48562 | Vaults:5 | Identified the +3 chain mail "Romycor" {rPois}
 48744 | Vaults:5 | Identified the +0 steam dragon scales of Peek-a-Boo {rPois}
 48755 | Vaults:5 | Got a silver rune of Zot
 48882 | Vaults:5 | Identified the +1 glaive of Mocy {antimagic, Int-4 Dex+6}
 48972 | Vaults:5 | Reached skill level 15 in Invocations
 49237 | Vaults:5 | Found Kisul's Distillery.
 49237 | Vaults:5 | Found Waovveishru's Magic Scroll Shop.
 49244 | Vaults:5 | Bought a scroll of blinking for 112 gold pieces
 49248 | Vaults:5 | Bought a scroll of revelation for 112 gold pieces
 49248 | Vaults:5 | Bought a scroll of revelation for 112 gold pieces
 49248 | Vaults:5 | Bought a scroll of revelation for 112 gold pieces
 49255 | Vaults:5 | Bought a potion of curing for 63 gold pieces
 49255 | Vaults:5 | Bought a potion of haste for 210 gold pieces
 49262 | Vaults:5 | Found Extaess's Distillery.
 49262 | Vaults:5 | Found Xykh's Distillery.
 49279 | Vaults:5 | Bought a potion of invisibility for 152 gold pieces
 49279 | Vaults:5 | Bought a potion of might for 76 gold pieces
 49292 | Vaults:5 | Found Huwaxu's Magic Scroll Boutique.
 49293 | Vaults:5 | Bought a potion of might for 80 gold pieces
 49300 | Vaults:5 | Bought a scroll of blinking for 150 gold pieces
 49353 | Vaults:5 | Noticed Mennas
 49360 | Vaults:5 | Pacified Mennas
 49420 | Vaults:5 | Got Ebukhlic's Elucidation of Cankerous Ouranomancy
 50428 | Zig:1    | Entered Level 1 of a ziggurat
 50435 | Zig:1    | Reached XP level 25. HP: 152/152 MP: 36/36
 50451 | Zig:2    | Entered Level 2 of a ziggurat
 50480 | Zig:3    | Entered Level 3 of a ziggurat
 50500 | Zig:3    | Identified the amulet "Jeunerr" {RegenMP Int+4}
 50501 | Zig:3    | Identified the +6 scimitar of the Sharing Jester {holy,
                  | Dex+2 Stlth+}
 50505 | Zig:3    | Identified the ring "Juha" {rPois Will+++ MP+9 Str-2
                  | Stlth+}
 50543 | Zig:4    | Entered Level 4 of a ziggurat
 50549 | Zig:4    | Found the +11 plutonium sword {Contam Stlth-}
 50610 | Zig:5    | Entered Level 5 of a ziggurat
 50668 | Zig:6    | Entered Level 6 of a ziggurat
 50699 | Zig:6    | Got the Compilation of Decaying Malediction
 50935 | Zot:1    | Entered Level 1 of the Realm of Zot
 51396 | Zot:2    | Reached skill level 23 in Fighting
 51496 | Zot:2    | Noticed a dread lich
 51496 | Zot:2    | Found the amulet of the Four Winds {rN+ Will+++ Clar}
 51517 | Zot:2    | Killed a dread lich
 52264 | Zot:5    | Entered Level 5 of the Realm of Zot
 52450 | Zot:5    | Found a transporter.
 52464 | Zot:5    | Noticed CornPuffBuddha's ghost (legendary HOFi)
 52468 | Zot:5    | Noticed a shard shrike
 52486 | Zot:5    | Noticed a shard shrike
 52490 | Zot:5    | Noticed a shard shrike
 52593 | Zot:5    | Found a transporter.
 52715 | Zot:5    | Reached skill level 24 in Fighting
 52929 | Zot:5    | Noticed a Killer Klown
 52945 | Zot:5    | Killed a Killer Klown
 52954 | Zot:5    | Noticed a dread lich
 52990 | Zot:5    | Killed a dread lich
 53056 | Zot:5    | Noticed an orb of fire
 53077 | Zot:5    | Killed an orb of fire
 53081 | Zot:5    | Noticed an orb of fire
 53093 | Zot:5    | Noticed a Killer Klown
 53097 | Zot:5    | Noticed an orb of fire
 53098 | Zot:5    | Noticed an orb of fire
 53121 | Zot:5    | Killed an orb of fire
 53135 | Zot:5    | Killed an orb of fire
 53245 | Zot:4    | Reached XP level 26. HP: 101/163 MP: 36/36
 53249 | Zot:4    | Reached skill level 25 in Fighting
 53793 | D:5      | Fell from the grace of Elyvilon
 53793 | D:5      | Became a worshipper of Zin the Law-Giver
 53793 | D:5      | Reached * piety under Zin
 53793 | D:5      | Reached ** piety under Zin
 53793 | D:5      | Reached *** piety under Zin
 53793 | D:5      | Reached **** piety under Zin
 54333 | Zot:5    | Donated 908 gold pieces to Zin
 54344 | Zot:5    | Killed an orb of fire
 54357 | Zot:5    | Killed a Killer Klown
 54383 | Zot:5    | Reached ***** piety under Zin
 54427 | Zot:5    | Noticed a dread lich
 54427 | Zot:5    | Noticed an orb of fire
 54442 | Zot:5    | Killed an orb of fire
 54446 | Zot:5    | Killed a dread lich
 54908 | Zot:5    | Got the Orb of Zot
 55059 | Zot:1    | Noticed Boris
 55068 | Zot:1    | Killed Boris
 55211 | Depths:2 | Donated 473 gold pieces to Zin
 55465 | D:7      | Noticed Gic Quoz the pandemonium lord
 55609 | D:$      | Escaped with the Orb!

Illustrated notes

Levels and vault maps discovered:
D:1:      dpeg_arrival_simpleton_b, layout_loops_ring,
          dreamdust_princess_corridor
D:2:      layout_basic, patterned_corridor, uniq_natasha
D:3:      layout_loops_cross, nicolae_houndstooth_variations,
          uniq_crazy_yiuf_cottage
D:4:      layout_loops_ring
D:5:      layout_cave_pools, chequers_temple_overflow_statue_of_worship,
          mainiacjoe_overflow_cross_hatched,
          mainiacjoe_overflow_concentric_impassable, amcnicky_mini_pool_small
D:6:      minmay_klotski, layout_basic, minmay_misc_feat_rows
D:7:      layout_rooms, okawaru_trees_2, minmay_temple_entry_crystal_x,
          grunt_potential, uniq_pikel, uniq_duvessa
D:8:      cheibrodos_barr_body, layout_layer_cave, nrook_mini_backslash
D:9:      layout_roguey, kennysheep_mini, gammafunk_temple_overflow_statue,
          gammafunk_ghost_ooze, minmay_fractal_squares_gapless_7, uniq_psyche
D:10:     layout_loops_cross, marbit_many_paths, uniq_urug
D:11:     layout_big_octagon, grunt_lair_entry_orc_guard_hut
D:12:     layout_rooms
D:13:     layout_rooms, grunt_vaults_entry_tiered, serial_shops, shop, shop,
          nicolae_shop_stone, shop, serial_undead, serial_undead_f,
          serial_undead_b, serial_undead_f, serial_undead_f, serial_undead_f,
          serial_undead_b, gammafunk_ghost_split, minmay_misc_feat_more_columns,
          uniq_rupert, uniq_lodul
D:14:     layout_basic, fedhas_altar_2, uniq_agnes
D:15:     grunt_enter_depths_hoard, layout_rooms, palyth_stone_intersect
Lair:1:   layout_gridlike
Lair:2:   layout_regular_city, nicolae_snake_entry_warm_welcome,
          serial_bayou_shore_a
Lair:3:   layout_cave_pods, minmay_shoals_entry_hut, ebering_ghost_xom,
          grunt_megastairs_2
Lair:4:   layout_regular_city, minmay_stone_trees_small, serial_bayou_lake_a
Lair:5:   wormcave, layout_regular_city, hangedman_lair_in_review,
          nicolae_slime_entry_slimehenge
Shoals:1: layout_shoals, uniq_roxanne, uniq_louise
Shoals:2: layout_shoals, nicolae_shop_self_help, uniq_nikola, uniq_polyphemus
Shoals:3: layout_shoals, nicolae_shoals_siren_and_animal_friends
Shoals:4: shoals_end_simple, layout_shoals, ebering_ghost_davey_jones,
          nicolae_shoals_undead_eyrie
Snake:1:  layout_layer_cave, portal_ice_cave_entry_dragon, st_stairs_1
Snake:2:  layout_layer_cave, st_stairs_11, lemuel_fruit_tree, grunt_megastairs_4
Snake:3:  layout_basic, uniq_vashnia, uniq_mlioglotl, uniq_aizul
Snake:4:  grunt_snake_rune_serpentine_throne, layout_misc_corridors,
          nicolae_snake_lava_pool
Orc:1:    layout_diamond_mine
Orc:2:    st_orc_town, layout_caves, roderic_batcave, uniq_josephine
Vaults:1: v_alt_pattern_6, nicolae_vaults_security_offices_6,
          nicolae_vaults_taking_the_gang_shopping, vaults_room_boxed,
          nicolae_vaults_what_the_h, grunt_vaults_bifocal,
          nicolae_vaults_specimen_jars, vaults_mumra_minichess_inversion,
          nicolae_vaults_trapezoid_3, vaults_mumra_minichess,
          nicolae_vaults_little_squares_5, layout_vaults_ring, uniq_zenata
Vaults:2: nicolae_vaults_know_your_exits, nicolae_vaults_ellipses_ellipsis,
          nicolae_vaults_stepped_doors, nicolae_vaults_diamond_1,
          nicolae_vaults_alarming, v_misc_28, v_misc_18,
          nicolae_vaults_windows_and_doors_thing, layout_vaults_omnibox,
          serial_shops, shop_statue
Vaults:3: minmay_crypt_entry_simple_walls, hangedman_vaults_impose,
          nicolae_vaults_trapezoid_3, hangedman_vaults_stream,
          nicolae_vaults_diamond_1, hangedman_vaults_corner_blocks,
          nicolae_vaults_diagonal_hallway_7, v_pattern_3,
          layout_vaults_omnigrid, uniq_boris
Vaults:4: vaults_mumra_lcd, hangedman_vaults_locks,
          nicolae_vaults_double_plus_3, nicolae_vaults_network_s, v_misc_11,
          ontoclasm_vaults_ring_square, hangedman_vaults_slice,
          nicolae_vaults_storage_room_doors, dpeg_vaults_monster_row,
          nicolae_vaults_diamond_1, nicolae_vaults_weapon_check,
          layout_vaults_chaotic_city, serial_shops, nicolae_book_shop_shelving
Vaults:5: uniq_mennas, uniq_frederick
Depths:1: layout_forbidden_donut, pf_hell_entry_great_geh,
          nicolae_tso_carved_into_rock, led_xom_imps, grunt_megastairs_5,
          uniq_saint_roka
Depths:2: grunt_twist_and_shout, layout_twisted_cross, grunt_pan_entry_zigzag,
          hangedman_abyss_or_decor_slice, hell_entry, minmay_staircase_statues
Depths:3: hangedman_stitches_corridor, layout_basic, ebering_ghost_inner_flame,
          nicolae_hepliaklqana_hazy_memory, grunt_hell_entry_dis_grunt,
          abyss_entry, minmay_misc_feat_roman, firewood_loft,
          infiniplex_staircase_squiggle, uniq_xtahua
Depths:4: evilmike_zot_entry_gauntlet, layout_cave_pools, enter_ziggurat_a,
          pan_entry, hell_entry
Zot:1:    layout_gridlike
Zot:2:    hangedman_snap_crack_crunch, layout_onion_interference
Zot:3:    layout_gridlike, grunt_ministairs_4
Zot:4:    layout_misc_corridors
Zot:5:    layout_misc_corridors, gammafunk_ghost_berserking_beasts

Skill      XL: |  1  2  3  4  5  6  7  8  9 10 11 12 13 14 15 16 17 18 19 20 21 22 23 24 25 26 |
---------------+-------------------------------------------------------------------------------+-----
Unarmed Combat | 3 4 5 6 8 9 10 12 13 15 17 18 19 21 22 24 | 24.0
Fighting       | 2 4 6 8 10 11 12 14 15 16 17 18 21 22 24 25 | 25.9
Shapeshifting  | 5 |  5.0
Invocations    | 2 4 6 9 10 12 13 14 16 | 16.0
Armour         | 2 4 7 9 12 14 | 14.0
Evocations     | 6 8 12 14 | 14.0
Dodging        | 2 5 7 |  7.2
Shields        | 7 9 |  9.9

Action                     |  1- 3 |  4- 6 |  7- 9 | 10-12 | 13-15 | 16-18 | 19-21 | 22-24 | 25-27 || total
---------------------------+-------+-------+-------+-------+-------+-------+-------+-------+-------++-------
  Melee: Unarmed           |    51 |   115 |   170 |   452 |  1309 |  1151 |  1401 |  1536 |   694 ||  6879
         Bite              |    11 |    36 |    76 |   179 |   509 |   465 |   720 |   811 |   349 ||  3156
         Punch             |     2 |     3 |     8 |    33 |   137 |    22 |       |       |       ||   205
         Headbutt          |       |       |       |       |   213 |   341 |   501 |   522 |   246 ||  1823
  Throw: Boomerang         |       |       |     3 |       |       |     4 |       |     2 |       ||     9
 Invoke: Heal Other        |       |       |       |    17 |    20 |    13 |    14 |    21 |     4 ||    89
         Heal Self         |       |       |       |     3 |     8 |    17 |    15 |    15 |    17 ||    75
         Purification      |       |       |       |       |       |     1 |       |     2 |     1 ||     4
         Recite            |       |       |       |       |       |       |       |       |     2 ||     2
         Donate Gold       |       |       |       |       |       |       |       |       |     2 ||     2
         Imprison          |       |       |       |       |       |       |       |       |     1 ||     1
  Evoke: Wand              |       |       |     2 |       |     6 |     5 |     3 |     1 |    14 ||    31
         Tin of tremorston |       |       |       |       |       |     2 |     2 |     2 |     4 ||    10
         Phantom mirror    |       |       |       |       |       |     1 |       |       |       ||     1
         Box of beasts     |       |       |       |       |       |       |       |       |     1 ||     1
    Use: Scroll            |     1 |     7 |     3 |    13 |     9 |     7 |     3 |     1 |    12 ||    56
         Potion            |       |       |       |       |     1 |     2 |     2 |     4 |    11 ||    20
   Stab: Sleeping          |     1 |       |       |       |       |       |       |       |       ||     1
         Petrified         |       |       |       |       |     4 |       |       |       |       ||     4
         Distracted        |       |       |       |       |       |     1 |     1 |       |       ||     2
         Invisible         |       |       |       |       |       |       |     5 |       |       ||     5
 Armour: Animal skin       |     8 |     4 |       |       |       |       |       |       |       ||    12
         Ring mail         |       |    15 |     9 |       |       |       |       |       |       ||    24
         Plate armour      |       |       |    23 |   143 |   300 |       |       |   185 |       ||   651
         Chain mail        |       |       |       |       |    75 |   329 |   539 |   256 |       ||  1199
         Gold dragon scale |       |       |       |       |       |       |       |    11 |   313 ||   324
  Dodge: Dodged            |    24 |    74 |    74 |   260 |   785 |   445 |   586 |   484 |   202 ||  2934
  Block: Kite shield       |       |       |       |       |       |   444 |   626 |   548 |   233 ||  1851
         Tower shield      |       |       |       |       |       |     9 |       |       |       ||     9
         Form:             |       |       |       |     1 |     2 |       |       |       |       ||     3
         Maw               |       |       |       |       |     2 |       |       |       |       ||     2

Table legend: (Time is in decaauts)
 A = Elapsed time spent in this place.
 B = Non-inter-level travel time spent in this place.
 C = Inter-level travel time spent in this place.
 D = Time resting spent in this place.
 E = Time spent auto-exploring this place.
 F = Levels seen in this place.
 G = Mean time per level.
                   A        B        C        D        E       F      G
               +--------+--------+--------+--------+--------+-----+--------+
         Total |  53828 |  47630 |   6198 |   8758 |  23905 |  51 | 1055.5 |
       Dungeon |  14606 |  12220 |   2386 |   1221 |   7721 |  15 |  973.7 |
          Lair |   6326 |   5461 |    865 |    584 |   3493 |   5 | 1265.2 |
        Shoals |   4186 |   3865 |    321 |    634 |   2275 |   4 | 1046.5 |
     Snake Pit |   7542 |   6902 |    640 |   1738 |   2664 |   4 | 1885.5 |
  Orcish Mines |   1707 |   1554 |    153 |    205 |    793 |   2 |  853.5 |
        Vaults |   8638 |   8122 |    516 |   1542 |   3813 |   5 | 1727.6 |
        Depths |   6548 |   5608 |    940 |   1292 |   2776 |   4 | 1637.0 |
           Zot |   3144 |   2770 |    374 |   1172 |    233 |   5 |  628.8 |
      Ziggurat |    381 |    381 |      0 |    166 |      0 |   6 |   63.5 |
      Ice Cave |    747 |    747 |      0 |    201 |    136 |   1 |  747.0 |
               +--------+--------+--------+--------+--------+-----+--------+

Top non-repeatable levels by time:
Depths:3: 2490 daAuts
Vaults:5: 2476 daAuts
 Snake:2: 2085 daAuts
 Snake:4: 1973 daAuts
 Snake:3: 1816 daAuts
Vaults:4: 1807 daAuts
Vaults:1: 1800 daAuts
 Snake:1: 1666 daAuts
  Lair:5: 1630 daAuts
Depths:1: 1583 daAuts
    D:13: 1485 daAuts
     D:8: 1452 daAuts
  Lair:2: 1419 daAuts
   Zot:5: 1365 daAuts
     D:9: 1365 daAuts
